 Dungeon Crawl Stone Soup version 0.32-a0-909-gc671339a80 (webtiles) character file.

Game seed: 10612767689415197300

1690 Finalfun the Cleaver (level 8, -6/108 HPs)
             Began as a Mountain Dwarf Fighter on Apr 7, 2024.
             Mangled by Duvessa
             ... wielding a +4 short sword of speed
              (13 damage)
             ... on level 6 of the Dungeon.
             The game lasted 00:11:44 (5313 turns).

Finalfun the Cleaver (Mountain Dwarf Fighter)       Turns: 5313, Time: 00:11:45

Health: -6/108     AC: 11    Str: 20    XL:     8   Next: 72%
Magic:  0/8        EV:  8    Int: 10    God:
Gold:   372        SH:  4    Dex:  9    Spells: 7/7 levels left

rFire   . . .        a - +0 war axe
rCold   . . .        c - +0 buckler
rNeg    . . .        b - +0 scale mail
rPois   .            e - +0 helmet
rElec   .            (no cloak)
rCorr   .            (no gloves)
SInv    +            v - +0 pair of boots
Will    .....        i - amulet of guardian spirit Stlth
                     (no ring)
HPRegen 0.38/turn    (no ring)
MPRegen 0.11/turn

%: guardian spirit
@: berserking, very quick
A: runic magic, artefact enchanting, iridescent scales 1, see invisible, robust
1
a: no special abilities


You were on level 6 of the Dungeon.
You visited 1 branch of the dungeon, and saw 6 of its levels.
You also visited: Sewer.

You collected 372 gold pieces.

Inventory:

Hand Weapons
 a - a +0 war axe (weapon)
Missiles
 h - 2 throwing nets (quivered)
Armour
 b - a +0 scale mail (worn)
 c - a +0 buckler (worn)
 e - a +0 helmet (worn)
 v - a +0 pair of boots (worn)
Jewellery
 i - an amulet of guardian spirit (around neck)
Wands
 y - a wand of roots (9)
Scrolls
 g - 2 scrolls of blinking
 j - a scroll of fog
 m - a scroll of teleportation
 n - a scroll of butterflies {unknown}
 o - a scroll of revelation {unknown}
 p - 3 scrolls of fear
 q - a scroll of vulnerability {unknown}
 s - a scroll of silence {unknown}
 u - a scroll of acquirement {unknown}
 w - a scroll of noise {unknown}
 x - a scroll of immolation {unknown}
 A - a scroll of amnesia {unknown}
Potions
 d - 3 potions of resistance
 f - a potion of curing
 k - a potion of attraction
 r - 2 potions of brilliance
 t - a potion of mutation
 z - a potion of invisibility {unknown}
 B - a potion of enlightenment {unknown}


   Skills:
 - Level 4.0 Fighting
 + Level 12.7 Axes
 - Level 4.0 Armour
 - Level 4.0 Shields


You had 7 spell levels left.
You didn't know any spells.
Your spell library contained the following spells:

 Spells                   Type           Power      Damage    Failure   Level
 Call Imp                 Summ           0%         N/A       65%         2
 Sublimation of Blood     Necr           0%         N/A       65%         2
 Summon Hydra             Summ           0%         N/A       100%        7


Dungeon Overview and Level Annotations

Branches:
Dungeon (6/15)              Sewer (visited)
 Temple: D:4-7

Altars:
Ashenzari
Dithmenos
Hepliaklqana
Ru
The Shining One

Shops:
D:6 *:

Annotations:
D:6 Duvessa


Innate Abilities, Weirdness & Mutations

Your spellcasting is much less encumbered by armour.
You can use scrolls of enchantment on lesser artefacts.
You are partially covered in iridescent scales. (AC +2)
You have supernaturally acute eyesight. (SInv)
You are robust. (+10% HP)


Message History

You miss Dowan.
Dowan is moderately wounded.
You slash Duvessa! Dowan closely misses you.
Duvessa hits you with a +4 short sword of speed.
You barely miss Dowan.
Dowan is moderately wounded.
You closely miss Duvessa.
Duvessa hits you with a +4 short sword of speed!
Dowan hits you with a +4 dagger. Duvessa closely misses you.
You hit Dowan.
Dowan is heavily wounded.
You hit Duvessa but do no damage. Dowan barely misses you.
Duvessa barely misses you.
You slash Dowan!
You kill Dowan!
Duvessa weeps, and shakes her weapon.
Duvessa goes berserk!
You barely miss Duvessa.
Duvessa hits you with a +4 short sword of speed.
Duvessa barely misses you.
You slash Duvessa!
Duvessa is moderately wounded.
Duvessa hits you with a +4 short sword of speed.
Duvessa hits you with a +4 short sword of speed!
You are too injured to fight recklessly!
You are too injured to fight recklessly!
A red film seems to cover your vision as you go berserk!
You feel yourself moving faster!
You feel mighty! You block Duvessa's attack.
Duvessa hits you with a +4 short sword of speed!
* * * LOW HITPOINT WARNING * * *
Duvessa hits you with a +4 short sword of speed.
* * * LOW HITPOINT WARNING * * *
You slash Duvessa!
Duvessa is heavily wounded.
Duvessa hits you with a +4 short sword of speed!!
* * * LOW HITPOINT WARNING * * *
You hit Duvessa.
Duvessa is heavily wounded.
You block Duvessa's attack.
Duvessa hits you with a +4 short sword of speed!
You die...

######################
#.....................
#...).................
#...e@................
#...##...##...........
#.. #...##....)......
#. ##...#............
# #....#............
#....#....##.....#
#....#....##.....#
#....#............
##...##...........


You could see Duvessa (berserk).

Vanquished Creatures
  Edmund (D:5)
  An ice beast (D:6)
  An ogre (D:6)
  2 centaurs (D:6)
  A phantom (D:4)
  Blork the orc (D:6)
  Dowan (D:6)
  A howler monkey (D:6)
  2 bombardier beetles (D:5)
  6 jellies
  2 gnoll boudas
  3 hounds
  Natasha (thrice) (D:2)
  A sleepcap (D:5)
  2 iguanas (D:5)
  An orc wizard (D:5)
  13 adders
  16 gnolls
  4 river rats
  A white imp (D:6)
  2 ufetubi (D:6)
  5 dart slugs
  2 ribbon worms
  3 orcs
  3 bats
  6 endoplasms (Sewer)
  10 giant cockroaches
  5 goblins
  5 hobgoblins
  9 jackals
  2 quokkas
  8 ball pythons
  7 frilled lizards
  9 kobolds
  12 rats
151 creatures vanquished.

Notes
Turn   | Place    | Note
-------+----------+-------------------------------------------
     0 | D:1      | Finalfun the Mountain Dwarf Fighter began the quest for the
                  | Orb.
     0 | D:1      | Reached XP level 1. HP: 19/19 MP: 1/1
   155 | D:1      | Found a faded altar of an unknown god.
   222 | D:1      | Reached XP level 2. HP: 26/26 MP: 2/2
   675 | D:2      | Reached skill level 3 in Axes
   884 | D:2      | Noticed Natasha
   894 | D:2      | Gained mutation: You have supernaturally acute eyesight.
                  | (SInv) [potion of mutation]
   894 | D:2      | Gained mutation: You are robust. (+10% HP) [potion of
                  | mutation]
   894 | D:2      | Gained mutation: You are partially covered in iridescent
                  | scales. (AC +2) [potion of mutation]
   900 | D:2      | Killed Natasha
   901 | D:2      | Reached XP level 3. HP: 21/36 MP: 3/3
   908 | D:2      | Noticed Natasha
   917 | D:2      | Killed Natasha
   918 | D:2      | Reached XP level 4. HP: 28/44 MP: 4/4
  1008 | D:2      | Noticed Natasha
  1024 | D:2      | Killed Natasha
  1025 | D:2      | Reached skill level 4 in Axes
  1378 | D:3      | Found a glowing drain.
  1417 | D:3      | Reached XP level 5. HP: 20/50 MP: 1/5
  1497 | Sewer    | Entered a sewer
  1586 | Sewer    | Reached skill level 5 in Axes
  1783 | Sewer    | Found a viscous altar of Jiyva.
  1786 | Sewer    | Reached skill level 6 in Axes
  1788 | Sewer    | Reached XP level 6. HP: 51/57 MP: 6/6
  2019 | D:3      | Reached skill level 7 in Axes
  2196 | D:3      | Identified the +2 mace of Kutug {speed, rC+}
  2232 | D:3      | Found a glowing golden altar of the Shining One.
  2647 | D:4      | You fall into a shaft and drop 1 floor!
  2647 | D:5      | Entered Level 5 of the Dungeon
  2697 | D:5      | Reached skill level 8 in Axes
  2768 | D:5      | Noticed Edmund
  2794 | D:5      | Reached XP level 7. HP: 40/64 MP: 5/7
  3268 | D:4      | Reached skill level 9 in Axes
  3589 | D:4      | Found a shadowy altar of Dithmenos.
  3589 | D:4      | Noticed a shadow
  3592 | D:4      | Found a hazy altar of Hepliaklqana.
  3879 | D:5      | Found a sacrificial altar of Ru.
  3971 | D:5      | Reached skill level 10 in Axes
  4420 | D:5      | Killed Edmund
  4421 | D:5      | Reached XP level 8. HP: 45/72 MP: 4/8
  4552 | D:6      | Noticed Blork the orc
  4563 | D:6      | Killed Blork the orc
  4564 | D:6      | Reached skill level 11 in Axes
  4753 | D:6      | Found a broken altar of Ashenzari.
  4861 | D:6      | Reached skill level 12 in Axes
  4958 | D:6      | Found Wownacw's CLEARANCE SALE!.
  4976 | D:6      | Found Hichousk's Book Shoppe.
  5301 | D:6      | Noticed Duvessa
  5301 | D:6      | Noticed Dowan
  5309 | D:6      | Killed Dowan
  5313 | D:6      | Mangled by Duvessa

Illustrated notes

Levels and vault maps discovered:
D:1:      eino_arrival_water_cross, layout_rooms, ebering_ecumenical_altar_box,
          minmay_misc_feat_iff
D:2:      layout_loops_ring, uniq_natasha
D:3:      layout_basic, nicolae_tso_swordbearing_angel, portal_sewer_entry_a
D:4:      layout_loops_cross, riverfiend_overflow_shadow_ancestor,
          chequers_arboretum
D:5:      layout_gridville, nicolae_ru_great_annihilating_truth, uniq_edmund
D:6:      cheibrodos_quashed, layout_gridville, ashenzari_conservatory_becter,
          serial_shops, nicolae_book_shop_shelving,
          chequers_serial_rivers_small_a, nicolae_shop_clearance,
          uniq_blork_the_orc, uniq_eustachio, uniq_duvessa,
          uniq_crazy_yiuf_cottage

Skill      XL: |  1  2  3  4  5  6  7  8 |
---------------+-------------------------+-----
Axes           | 3 4 6 8 10 12 | 12.7
Fighting       | 4 |  4.0
Armour         | 4 |  4.0
Shields        | 4 |  4.0

Action                     |  1- 3 |  4- 6 |  7- 9 || total
---------------------------+-------+-------+-------++-------
  Melee: War axe           |    85 |   265 |   252 ||   602
    Use: Potion            |     4 |     3 |     1 ||     8
         Scroll            |       |     7 |     3 ||    10
   Stab: Paralysed         |       |       |     1 ||     1
 Armour: Scale mail        |    97 |   252 |   174 ||   523
  Dodge: Dodged            |    45 |   155 |    95 ||   295
  Block: Buckler           |    24 |    62 |    38 ||   124

Table legend: (Time is in decaauts)
 A = Elapsed time spent in this place.
 B = Non-inter-level travel time spent in this place.
 C = Inter-level travel time spent in this place.
 D = Time resting spent in this place.
 E = Time spent auto-exploring this place.
 F = Levels seen in this place.
 G = Mean time per level.
                   A        B        C        D        E       F      G
               +--------+--------+--------+--------+--------+-----+--------+
         Total |   5469 |   5175 |    294 |    377 |   3535 |   7 |  781.3 |
       Dungeon |   4970 |   4676 |    294 |    377 |   3217 |   6 |  828.3 |
         Sewer |    499 |    499 |      0 |      0 |    317 |   1 |  499.0 |
               +--------+--------+--------+--------+--------+-----+--------+

Top non-repeatable levels by time:
     D:5: 1153 daAuts
     D:4: 969 daAuts
     D:2: 843 daAuts
     D:6: 764 daAuts
     D:3: 657 daAuts
     D:1: 582 daAuts
   Sewer: 499 daAuts
